 Dungeon Crawl Stone Soup version 0.27-a0-1066-g29160eaed2 (webtiles) character file.

Game seed: 12913390585859494128

2783 nfje the Geomancer (level 9, -10/56 HPs)
             Began as a Gargoyle Earth Elementalist on Apr 24, 2021.
             Was an Initiate of Vehumet.
             Mangled by an orc warrior
             ... wielding a +0 mace
              (12 damage)
             ... on level 7 of the Dungeon.
             The game lasted 00:16:35 (8311 turns).

nfje the Geomancer (Gargoyle Earth Elementalist)    Turns: 8311, Time: 00:16:36

Health: -10/56     AC: 11    Str: 11    XL:     9   Next: 70%
Magic:  9/17       EV: 13    Int: 20    God:    Vehumet [......]
Gold:   121        SH:  0    Dex: 16    Spells: 10/19 levels left

rFire    . . .     SeeInvis .   f - +0 dagger
rCold    . . .     Faith    .   (no shield)
rNeg     + . .     Spirit   .   c - +0 robe
rPois    ∞         Reflect  .   o - +0 helmet
rElec    +         Harm     .   (no cloak)
rCorr    .         Rampage  .   j - +0 pair of gloves
Will     .....                  (no boots)
Stlth    ++........             (no amulet)
HPRegen  0.18/turn              i - +6 ring of dexterity
MPRegen  0.15/turn              (no ring)

@: about to teleport
A: AC +6, negative energy resistance 1, electricity resistance, torment
resistance 1, unbreathing 1, petrification resistance, talons 1, passive freeze,
robust 1
a: Renounce Religion


You were on level 7 of the Dungeon.
You worshipped Vehumet.
Vehumet was noncommittal.
You visited 2 branches of the dungeon, and saw 8 of its levels.

You collected 274 gold pieces.
You spent 153 gold pieces at shops.

Inventory:

Hand Weapons
 a - a +0 morningstar
 e - a +0 flail
 f - a +0 dagger (weapon)
 m - a +0 mace
Missiles
 b - 19 stones
Armour
 c - a +0 robe (worn)
 j - a +0 pair of gloves (worn)
 o - a +0 helmet (worn)
Jewellery
 d - a ring of fire
 i - a +6 ring of dexterity (left hand)
Wands
 k - a wand of polymorph (5)
 s - a wand of iceblast (1)
Scrolls
 l - 3 scrolls of teleportation
 q - a scroll of immolation
 r - 2 scrolls of amnesia
Potions
 g - a potion of attraction
 n - 2 potions of cancellation
 t - a potion of might


   Skills:
 + Level 3.5 Fighting
 + Level 3.1 Maces & Flails
 + Level 3.4 Armour
 + Level 3.3 Dodging
 - Level 2.1 Stealth
 + Level 5.9 Spellcasting
 + Level 6.1 Conjurations
 - Level 0.7 Transmutations
 + Level 8.2 Earth Magic
 + Level 2.9 Evocations


You had 10 spell levels left.
You knew the following spells:

 Your Spells              Type           Power      Damage    Failure   Level
a - Sandblast             Erth           76%        2d16      1%          1
b - Stone Arrow           Conj/Erth      68%        3d11      1%          3
c - Lee's Rapid Deconstr  Erth           19%        3d12*     10%         5

Your spell library contained the following spells:

 Spells                   Type           Power      Damage    Failure   Level
 Magic Dart               Conj           100%       1d8       1%          1
 Searing Ray              Conj           60%        3d5       1%          2
 Passwall                 Tmut/Erth      19%        N/A       2%          2
 Dazzling Flash           Conj/Hex       36%        N/A       9%          3
 Petrify                  Tmut/Erth      23%        N/A       17%         4
 Fulminant Prism          Conj/Hex       9%         3d7       30%         4
 Iskenderun's Mystic Bla  Conj/Tloc      18%        2d6       30%         4


Dungeon Overview and Level Annotations

Branches:
Dungeon (7/15)             Temple (1/1) D:6

Altars:
Ashenzari
Cheibriados
Dithmenos
Elyvilon
Fedhas
Gozag
Hepliaklqana
Makhleb
Nemelex Xobeh
Okawaru
Qazlal
Ru
Sif Muna
Trog
Uskayaw
Vehumet
Wu Jian
Xom
Yredelemnul
Zin
The Shining One

Shops:
D:1 =?=[   D:5 !

Annotations:
D:7 Pikel


Innate Abilities, Weirdness & Mutations

Your stone body is resilient. (AC +6)
You are immune to poison.
You resist negative energy. (rN+)
You are resistant to electric shocks. (rElec)
You are resistant to unholy torment.
You can survive without breathing.
You are immune to petrification.
You have sharp toenails.
A frigid envelope surrounds you and freezes all who hurt you.
You are robust. (+10% HP)


Message History

Press: ? - help, Shift-Dir - straight line, f - orc warrior
Aim: an orc warrior, wielding a +0 mace and wearing a +0 plate armour (74% to hit)
The stone arrow hits the orc warrior.
The orc warrior is lightly wounded.
The orc warrior hits you with a +0 mace.
Casting: Stone Arrow (safe; 1% risk of failure)
Confirm with . or Enter, or press ? or * to list all spells.
The spell is quite dangerous to cast (10% risk of failure)!
Continue anyway?
Aiming: Lee's Rapid Deconstruction (quite dangerous; 10% risk of failure)
Press: ? - help, Dir - move target, p - orc warrior A rock wall.
The wall shatters!
The blast of rock fragments hits the orc priest!
The orc priest is almost dead.
The blast of rock fragments hits the orc warrior but does no damage.
The blast of rock fragments hits the orc!!
You kill the orc!
Vehumet accepts your kill.
The orc warrior hits you with a +0 mace!
* * * LOW HITPOINT WARNING * * *
Unknown command.
Unknown command.
Unknown command.
Okay, then.
Unknown command.
It was a potion of mutation.
You feel extremely strange.
You feel robust.
Your toenails lengthen and sharpen.
Your skin feels very cold.
The orc priest invokes the aid of Beogh against you.
Beogh smites you!
* * * LOW HITPOINT WARNING * * *
Unknown command.
Unknown command.
Okay, then.
Unknown command.
Okay, then.
Unknown command.
As you read the scroll of teleportation, it crumbles to dust.
You feel strangely unstable.
The orc warrior hits you with a +0 mace!
You die...

###### !.... ###...#####
...c.. ...>. #.........#
...#.# ......#.........#
gg.#.# ......#.........#
g..#.# ......')........#
.h.#.###.....##.........#
..........o. ##o########
####.###.... #.o..#
...<........ #.@..#
####.####)#. #....#
....))....# #....#
.###)###### #....# ...#)#
###....# #.#.# #......#
#...# #......# ###.#
#......# #.# #....###


You could see an orc warrior and an orc priest.

Vanquished Creatures
  Eustachio (D:5)
  6 yaks (D:6)
  A water moccasin (D:6)
  An orc warrior (D:4)
  A black bear (D:6)
  A necrophage (D:7)
  2 phantoms
  A centaur (D:7)
  A gnoll sergeant (D:7)
  A wyvern skeleton (D:5)
  3 scorpions
  A water moccasin skeleton (D:4)
  3 wights (D:7)
  5 howler monkeys (D:7)
  6 hounds
  2 iguanas
  2 orc wizards
  8 gnolls
  A howler monkey skeleton (D:4)
  6 adders
  A white imp (D:6)
  2 adder skeletons (D:4)
  3 worms
  A dart slug (D:5)
  11 orcs
  9 ball pythons
  2 endoplasms
  A giant cockroach (D:2)
  5 hobgoblins
  2 jackals (D:4)
  2 quokkas (D:4)
  7 bats
  5 frilled lizards
  2 goblins
  8 kobolds
  A rat (D:2)
115 creatures vanquished.

Vanquished Creatures (collateral kills)
  A hobgoblin (D:4)
1 creature vanquished.

Vanquished Creatures (others)
  5 plants (D:4)
5 creatures vanquished.

Grand Total: 121 creatures vanquished

Notes
Turn   | Place    | Note
-------+----------+-------------------------------------------
     0 | D:1      | nfje the Gargoyle Earth Elementalist began the quest for
                  | the Orb.
     0 | D:1      | Reached XP level 1. HP: 10/10 MP: 3/3
    39 | D:1      | Found Alyhu's Magic Scroll Shop.
    84 | D:1      | Found Udooh's Jewellery Boutique.
    89 | D:1      | You fall into a shaft and drop 1 floor!
   240 | D:2      | Reached skill level 4 in Earth Magic
   240 | D:2      | Reached XP level 2. HP: 15/15 MP: 1/5
   301 | D:2      | Reached XP level 3. HP: 18/19 MP: 1/6
   305 | D:2      | Learned a level 3 spell: Stone Arrow
   537 | D:2      | Noticed a scorpion
   541 | D:2      | Killed a scorpion
   542 | D:2      | Reached skill level 1 in Conjurations
   542 | D:2      | Reached XP level 4. HP: 24/24 MP: 2/8
   759 | D:1      | Found Otew's Jewellery Shoppe.
  1179 | D:1      | Found Tinos's Antique Armour Boutique.
  2127 | D:2      | You fall into a shaft and drop 2 floors!
  2153 | D:4      | Reached skill level 5 in Earth Magic
  2261 | D:4      | Reached XP level 5. HP: 28/28 MP: 9/9
  2267 | D:4      | Learned a level 5 spell: Lee's Rapid Deconstruction
  2808 | D:1      | Bought a scroll of identify for 22 gold pieces
  2808 | D:1      | Bought a scroll of identify for 22 gold pieces
  2808 | D:1      | Bought a scroll of identify for 22 gold pieces
  2808 | D:1      | Bought a scroll of identify for 22 gold pieces
  3807 | D:3      | Reached XP level 6. HP: 28/32 MP: 9/11
  4547 | D:4      | Noticed an orc warrior
  4578 | D:4      | Killed an orc warrior
  4579 | D:4      | Reached skill level 6 in Earth Magic
  4589 | D:4      | Reached XP level 7. HP: 5/36 MP: 1/13
  5170 | D:5      | Entered Level 5 of the Dungeon
  5311 | D:5      | Found Sanud's Distillery.
  5593 | D:5      | Noticed Eustachio
  5624 | D:5      | Killed Eustachio
  5625 | D:5      | Reached skill level 7 in Earth Magic
  5897 | D:5      | Found a blossoming altar of Fedhas.
  5957 | D:5      | Reached XP level 8. HP: 38/42 MP: 7/15
  6056 | D:5      | Reached skill level 5 in Spellcasting
  6155 | D:5      | Found a glowing silver altar of Zin.
  6168 | D:5      | Reached skill level 1 in Fighting
  6387 | D:5      | Bought a potion of heal wounds for 65 gold pieces
  6636 | D:6      | Found a shadowy altar of Dithmenos.
  6691 | D:6      | Found a staircase to the Ecumenical Temple.
  6699 | D:6      | Reached skill level 1 in Maces & Flails
  6699 | D:6      | Reached skill level 1 in Armour
  6699 | D:6      | Reached skill level 5 in Conjurations
  6699 | D:6      | Reached skill level 1 in Evocations
  6702 | Temple   | Entered the Ecumenical Temple
  6797 | Temple   | Became a worshipper of Vehumet
  7127 | D:6      | Noticed a yak
  7127 | D:6      | Noticed a yak
  7127 | D:6      | Noticed a yak
  7127 | D:6      | Noticed a yak
  7127 | D:6      | Noticed a yak
  7127 | D:6      | Noticed a yak
  7147 | D:6      | Killed a yak
  7148 | D:6      | Killed a yak
  7148 | D:6      | Killed a yak
  7150 | D:6      | Killed a yak
  7151 | D:6      | Reached XP level 9. HP: 41/49 MP: 0/17
  7801 | D:7      | Reached skill level 8 in Earth Magic
  7838 | D:7      | Noticed Pikel
  8308 | D:7      | Gained mutation: You are robust. (+10% HP) [potion of
                  | mutation]
  8308 | D:7      | Gained mutation: You have sharp toenails. [potion of
                  | mutation]
  8308 | D:7      | Gained mutation: A frigid envelope surrounds you and
                  | freezes all who hurt you. [potion of mutation]
  8308 | D:7      | HP: 2/56 [orc priest/divine providence (12)]
  8311 | D:7      | Mangled by an orc warrior

Illustrated notes

Levels and vault maps discovered:
D:1:      dpeg_arrival_boxes_within_box, layout_basic, serial_shops,
          shop_fountains, nicolae_shop_overgrown_old_shop, shop,
          nicolae_shop_stone, kennysheep_doodads
D:2:      layout_loops_ring, serial_co_window_serial, co_window_paths_a,
          co_window_of_opportunity_a, co_window_corner_a,
          co_window_of_opportunity_a, co_window_of_opportunity_a,
          co_window_paths_a, co_window_corner_a, co_window_broadway_a,
          co_window_corner_b, co_window_of_opportunity_c, co_window_broadway_a,
          co_window_broadway_b, glass_columns_a, kennysheep_flooded_box,
          minmay_vboxes
D:3:      layout_basic, kennysheep_potato
D:4:      layout_gridville, grunt_ministairs_1, serial_bayou_lake_a
D:5:      layout_cave_pools, grunt_temple_overflow_open, serial_shops, shop,
          uniq_eustachio
D:6:      layout_basic, nicolae_dithmenos_through_a_glass_darkly,
          minmay_temple_entry_junction, minivault_1
D:7:      layout_basic, uniq_crazy_yiuf_cottage, uniq_pikel, uniq_menkaure
Temple:   compressed_dpeg_circular_temple

Skill      XL: |  1  2  3  4  5  6  7  8  9 |
---------------+----------------------------+-----
Earth Magic    | 4 5 6 7 8 |  8.2
Spellcasting   | 3 4 5 |  5.9
Conjurations   | 1 2 3 4 5 6 |  6.1
Fighting       | 2 3 |  3.5
Maces & Flails | 2 3 |  3.1
Armour         | 2 3 |  3.4
Evocations     | 2 |  2.9
Dodging        | 2 3 |  3.3
Stealth        | |  2.1
Transmutations | |  0.7

Action                   |  1- 3 |  4- 6 |  7- 9 || total
-------------------------+-------+-------+-------++-------
Melee: Dagger            |       |   120 |    75 ||   195
 Cast: Sandblast         |    14 |    58 |    78 ||   150
       Stone Arrow       |       |     3 |    19 ||    22
       Lee's Rapid Decon |       |       |     6 ||     6
Evoke: Wand              |       |       |     6 ||     6
  Use: Scroll            |       |    11 |     7 ||    18
       Potion            |       |     5 |     6 ||    11
 Stab: Sleeping          |       |     6 |       ||     6
Armor: Robe              |     1 |    46 |    52 ||    99
       Skin              |       |     3 |       ||     3
Dodge: Dodged            |     3 |    92 |   117 ||   212

Table legend: (Time is in decaauts)
 A = Elapsed time spent in this place.
 B = Non-inter-level travel time spent in this place.
 C = Inter-level travel time spent in this place.
 D = Time resting spent in this place.
 E = Time spent auto-exploring this place.
 F = Levels seen in this place.
 G = Mean time per level.
                   A        B        C        D        E       F      G
               +--------+--------+--------+--------+--------+-----+--------+
         Total |   8311 |   8102 |    209 |   1161 |   5842 |   8 | 1038.9 |
       Dungeon |   8203 |   8006 |    197 |   1161 |   5759 |   7 | 1171.9 |
        Temple |    107 |     95 |     12 |      0 |     83 |   1 |  107.0 |
               +--------+--------+--------+--------+--------+-----+--------+

Top non-repeatable levels by time:
     D:4: 1682 daAuts
     D:6: 1508 daAuts
     D:2: 1400 daAuts
     D:5: 1216 daAuts
     D:3: 1099 daAuts
     D:1: 994 daAuts
     D:7: 301 daAuts
  Temple: 107 daAuts
